PCL
DISTRICT 9 PRAWNS @ SPOKANE TRAPPERS
09/23/2023
 
TOP OF THE 1ST
District 9 Prawns batting - Pitching for Spokane Trappers : RHP Edgardo Martínez
Pitching: RHP Edgardo Martínez
Batting: LHB Enrique Nalasco 0-0: Ball
1-0: SINGLE (Groundball, 4MD)
Batting: RHB Marcos Moreno 0-0: Ball
Enrique Nalasco steals 2nd base
1-0: SINGLE (Line Drive, 8LS)
Enrique Nalasco to third
Runner from 3rd tries for Home, SAFE, no throw or cutoff
Batting: LHB Leland Hardy 0-0: Ball
1-0: Called Strike
Marcos Moreno steals 2nd base
1-1: Called Strike
Balk!
Marcos Moreno to third
1-2: Ball
2-2: Ball
3-2: Base on Balls
Batting: LHB Ryan Hensley 0-0: Ball
1-0: Ball
2-0: Called Strike
2-1: Fly out, F7 (Flyball, 7M)
Runner from 3rd tags up, SCORES, throw made
Batting: RHB Alfredo Cortéz 0-0: Foul Ball, location: 2F
0-1: Ball
1-1: Called Strike
1-2: Foul Ball, location: 2F
Pickoff Throw to First - Error! E1
Leland Hardy to second
1-2: Ball
Wild Pitch!
Leland Hardy to third
2-2: Ball
3-2: Foul Ball, location: 2F
3-2: Foul Ball, location: 2F
3-2: Foul Ball, location: 2F
3-2: Fly out, F9 (Flyball, 9M)
Batting: RHB Lúcio García 0-0: Ball
1-0: Foul Ball, location: 2F
1-1: Ball
2-1: SINGLE (Line Drive, 8LS)
Leland Hardy scores
Batting: LHB Scott MacDonald 0-0: Ball
1-0: Ball
2-0: Ball
3-0: Base on Balls
Lúcio García to second
Batting: RHB Bill Beck 0-0: Called Strike
0-1: Ground out 1-3 (Groundball, 13)
Top of the 1st over - 3 run(s), 3 hit(s), 1 error(s), 2 left on base; District 9 3 - Spokane 0
BOTTOM OF THE 1ST
Spokane Trappers batting - Pitching for District 9 Prawns : RHP Eric Love
Pitching: RHP Eric Love
Batting: LHB Pete Carter 0-0: Foul Ball, location: 2F
0-1: Ball
1-1: Ball
2-1: Foul Ball, location: 2F
2-2: Fly out, F8 (Flyball, 8RXD)
Batting: RHB Guy Miller 0-0: Called Strike
0-1: Foul Ball, location: 2F
0-2: Ball
1-2: Foul Ball, location: 2F
1-2: Strikes out swinging
Batting: LHB Juan Cortés 0-0: Foul Ball, location: 2F
0-1: Ground out 6-3 (Groundball, 6M)
Bottom of the 1st over - 0 run(s), 0 hit(s), 0 error(s), 0 left on base; District 9 3 - Spokane 0
TOP OF THE 2ND
District 9 Prawns batting - Pitching for Spokane Trappers : RHP Edgardo Martínez
Batting: RHB Manuel Cortéz 0-0: Called Strike
0-1: Fly out, F4 (Popup, 4MD)
Batting: LHB Enrique Nalasco 0-0: Ground out 4-3 (Groundball, 34)
Batting: RHB Marcos Moreno 0-0: Called Strike
0-1: Ball
1-1: Foul Ball, location: 2F
1-2: Strikes out looking
Top of the 2nd over - 0 run(s), 0 hit(s), 0 error(s), 0 left on base; District 9 3 - Spokane 0
BOTTOM OF THE 2ND
Spokane Trappers batting - Pitching for District 9 Prawns : RHP Eric Love
Batting: RHB Toru Nakanishi 0-0: Ball
1-0: Called Strike
1-1: Swinging Strike
1-2: Ball
2-2: Strikes out swinging
Batting: LHB Keith Browne 0-0: Foul Ball, location: 2F
0-1: Called Strike
0-2: Strikes out swinging
Batting: LHB Melvin White 0-0: Swinging Strike
0-1: Ball
1-1: Foul Ball, location: 2F
1-2: Ball
2-2: Foul Ball, location: 2F
2-2: Strikes out swinging
Bottom of the 2nd over - 0 run(s), 0 hit(s), 0 error(s), 0 left on base; District 9 3 - Spokane 0
TOP OF THE 3RD
District 9 Prawns batting - Pitching for Spokane Trappers : RHP Edgardo Martínez
Batting: LHB Leland Hardy 0-0: Called Strike
0-1: Fly out, F8 (Flyball, 8RD)
Batting: LHB Ryan Hensley 0-0: Ground out 4-3 (Groundball, 4M)
Batting: RHB Alfredo Cortéz 0-0: Called Strike
0-1: Foul Ball, location: 2F
0-2: Foul Ball, location: 2F
0-2: Ball
1-2: Foul Ball, location: 2F
1-2: Foul Ball, location: 2F
1-2: Ball
2-2: Foul Ball, location: 2F
2-2: SINGLE (Line Drive, 4M)
Batting: RHB Lúcio García 0-0: Ball
1-0: Ball
2-0: Swinging Strike
2-1: Ground out 4-3 (Groundball, 4)
Top of the 3rd over - 0 run(s), 1 hit(s), 0 error(s), 1 left on base; District 9 3 - Spokane 0
BOTTOM OF THE 3RD
Spokane Trappers batting - Pitching for District 9 Prawns : RHP Eric Love
Batting: RHB Hyo-sang Yu 0-0: Fly out, F9 (Flyball, 9LM)
Batting: RHB Carmelo Hernández 0-0: Ball
1-0: Ground out 1-3 (Groundball, 23)
Batting: RHB Todd Rockburn 0-0: Ball
1-0: Ball
2-0: Foul Ball, location: 2F
2-1: Ground out 4-3 (Groundball, 4)
Bottom of the 3rd over - 0 run(s), 0 hit(s), 0 error(s), 0 left on base; District 9 3 - Spokane 0
TOP OF THE 4TH
District 9 Prawns batting - Pitching for Spokane Trappers : RHP Edgardo Martínez
Batting: LHB Scott MacDonald 0-0: Foul Ball, location: 2F
0-1: Called Strike
0-2: Ball
1-2: Fly out, F7 (Flyball, 7S)
Batting: RHB Bill Beck 0-0: Called Strike
0-1: Swinging Strike
0-2: SOLO HOME RUN (Line Drive, 7D), Distance : 381 ft
Batting: RHB Manuel Cortéz 0-0: Called Strike
0-1: Ball
1-1: Called Strike
1-2: Foul Ball, location: 2F
1-2: SINGLE (Line Drive, 7S)
Batting: LHB Enrique Nalasco 0-0: Called Strike
0-1: Called Strike
0-2: Fly out, F8 (Flyball, 8RM)
0-2: Fly out, F8 (Flyball, 8RM)
Batting: RHB Marcos Moreno 0-0: Ball
1-0: Ball
2-0: Foul Ball, location: 2F
2-1: Ball
3-1: Base on Balls
Manuel Cortéz to second
Batting: LHB Leland Hardy 0-0: Called Strike
0-1: Ball
1-1: DOUBLE (Flyball, 78D)
Manuel Cortéz scores
Marcos Moreno to third
Runner from 3rd tries for Home, SAFE, no throw or cutoff
Batting: LHB Ryan Hensley 0-0: Ball
1-0: Ball
2-0: Foul Ball, location: 2F
2-1: Foul Ball, location: 2F
2-2: Foul Ball, location: 2F
2-2: Ball
3-2: Base on Balls
Batting: RHB Alfredo Cortéz 0-0: Called Strike
0-1: Ball
1-1: Ball
2-1: Foul Ball, location: 2F
2-2: Foul Ball, location: 2F
2-2: Ball
3-2: Base on Balls
Leland Hardy to third
Ryan Hensley to second
Batting: RHB Lúcio García 0-0: Ball
1-0: Called Strike
1-1: Ball
2-1: Foul Ball, location: 2F
2-2: Fly out, F5 (Popup, 25F)
Top of the 4th over - 3 run(s), 3 hit(s), 0 error(s), 3 left on base; District 9 6 - Spokane 0
BOTTOM OF THE 4TH
Spokane Trappers batting - Pitching for District 9 Prawns : RHP Eric Love
Batting: LHB Pete Carter 0-0: Ball
1-0: Ball
2-0: Called Strike
2-1: Foul Ball, location: 2F
2-2: Ground out 1-3 (Groundball, 13)
Batting: RHB Guy Miller 0-0: Ball
1-0: Foul Ball, location: 2F
1-1: Ball
2-1: Foul Ball, location: 2F
2-2: Ground out U3 (Groundball, 3)
Batting: LHB Juan Cortés 0-0: Ball
1-0: Called Strike
1-1: Ground out 5-3 (Groundball, 5L)
Bottom of the 4th over - 0 run(s), 0 hit(s), 0 error(s), 0 left on base; District 9 6 - Spokane 0
TOP OF THE 5TH
District 9 Prawns batting - Pitching for Spokane Trappers : RHP Edgardo Martínez
Batting: LHB Scott MacDonald 0-0: Ball
1-0: Ground out 4-3 (Groundball, 4)
Pitching: LHP Alberto Cabrera
Batting: RHB Bill Beck 0-0: Ball
1-0: Ball
2-0: Ball
3-0: Base on Balls
Batting: RHB Manuel Cortéz 0-0: DOUBLE (Line Drive, 6D)
Bill Beck to third
Batting: LHB Enrique Nalasco 0-0: Ball
1-0: Ball
2-0: Ball
3-0: Base on Balls
Batting: RHB Marcos Moreno 0-0: Foul Ball, location: 2F
0-1: Ball
1-1: SINGLE (Line Drive, 4MD)
Bill Beck scores
Manuel Cortéz to third
Enrique Nalasco to second
Runner from 3rd tries for Home, SAFE, throw made home
Enrique Nalasco to third
Marcos Moreno to second
Batting: LHB Leland Hardy 0-0: Called Strike
0-1: Ball
1-1: Swinging Strike
1-2: Strikes out swinging
Batting: LHB Ryan Hensley 0-0: Ground out 4-3 (Groundball, 4)
Top of the 5th over - 2 run(s), 2 hit(s), 0 error(s), 2 left on base; District 9 8 - Spokane 0
BOTTOM OF THE 5TH
Spokane Trappers batting - Pitching for District 9 Prawns : RHP Eric Love
Batting: RHB Toru Nakanishi 0-0: Called Strike
0-1: Ball
1-1: Ground out 6-3 (Groundball, 56)
Batting: LHB Keith Browne 0-0: Ball
1-0: SINGLE (Groundball, 34D)
Batting: LHB Melvin White 0-0: Fly out, F8 (Flyball, 8RD)
Batting: RHB Hyo-sang Yu 0-0: Fielders Choice at 2nd, U4 (Groundball, 4M)
Bottom of the 5th over - 0 run(s), 1 hit(s), 0 error(s), 1 left on base; District 9 8 - Spokane 0
TOP OF THE 6TH
District 9 Prawns batting - Pitching for Spokane Trappers : LHP Alberto Cabrera
Batting: RHB Alfredo Cortéz 0-0: SINGLE (Line Drive, 56)
Batting: RHB Lúcio García 0-0: Ball
1-0: Foul Ball, location: 2F
1-1: Fielders Choice at 2nd, 5-4 (Groundball, 56)
Batting: LHB Scott MacDonald 0-0: Foul Ball, location: 2F
0-1: SINGLE (Groundball, 4MD)
Lúcio García to second
Runner from 2nd tries for 3rd, SAFE, no throw or cutoff
Batting: RHB Bill Beck 0-0: Fly out, F9 (Flyball, 89S)
Batting: RHB Manuel Cortéz 0-0: Ball
1-0: Called Strike
1-1: Called Strike
1-2: Ball
2-2: Fly out, F8 (Flyball, 8RM)
Top of the 6th over - 0 run(s), 2 hit(s), 0 error(s), 2 left on base; District 9 8 - Spokane 0
BOTTOM OF THE 6TH
Spokane Trappers batting - Pitching for District 9 Prawns : RHP Eric Love
Batting: RHB Carmelo Hernández 0-0: Ground out 6-3 (Groundball, 6)
Batting: RHB Todd Rockburn 0-0: Ball
1-0: Ground out 4-3 (Groundball, 4M)
Batting: LHB Pete Carter 0-0: Swinging Strike
0-1: Ground out U3 (Groundball, 3L)
Bottom of the 6th over - 0 run(s), 0 hit(s), 0 error(s), 0 left on base; District 9 8 - Spokane 0
TOP OF THE 7TH
District 9 Prawns batting - Pitching for Spokane Trappers : LHP Alberto Cabrera
Batting: LHB Enrique Nalasco 0-0: Ball
Single, Error in OF, E7, batter to second base
Batting: RHB Marcos Moreno 0-0: Foul Ball, location: 2F
0-1: Foul Ball, location: 2F
0-2: Strikes out swinging
Batting: LHB Leland Hardy 0-0: Foul Ball, location: 2F
0-1: Called Strike
0-2: Ball
1-2: Strikes out swinging
Batting: LHB Ryan Hensley 0-0: Ball
1-0: Ground out 1-3 (Groundball, 15S)
Top of the 7th over - 0 run(s), 1 hit(s), 1 error(s), 1 left on base; District 9 8 - Spokane 0
BOTTOM OF THE 7TH
Spokane Trappers batting - Pitching for District 9 Prawns : RHP Eric Love
Batting: RHB Guy Miller 0-0: Called Strike
0-1: Ground out 6-3 (Groundball, 6M)
Batting: LHB Juan Cortés 0-0: Ball
1-0: Ball
2-0: Ball
3-0: Called Strike
3-1: Base on Balls
Batting: RHB Toru Nakanishi 0-0: Called Strike
0-1: Ball
1-1: Called Strike
1-2: Foul Ball, location: 2F
1-2: Foul Ball, location: 2F
1-2: Ball
Juan Cortés is caught stealing 2nd base
2-2: SINGLE (Line Drive, 6MD)
Batting: LHB Keith Browne 0-0: Ground out U3 (Groundball, 3)
Bottom of the 7th over - 0 run(s), 1 hit(s), 0 error(s), 1 left on base; District 9 8 - Spokane 0
TOP OF THE 8TH
District 9 Prawns batting - Pitching for Spokane Trappers : LHP Alberto Cabrera
Pitching: LHP Júlio Hernández
Batting: RHB Alfredo Cortéz 0-0: Called Strike
0-1: Foul Ball, location: 2F
0-2: Ball
1-2: Foul Ball, location: 2F
1-2: SOLO HOME RUN (Flyball, 9D), Distance : 379 ft
Batting: RHB Lúcio García 0-0: Fly out, F5 (Line Drive, 56)
Batting: LHB Scott MacDonald 0-0: Ball
1-0: DOUBLE (Flyball, 78D)
Batting: RHB Bill Beck 0-0: Ball
1-0: Ground out 5-3 (Groundball, 5S)
Scott MacDonald to third
Batting: RHB Manuel Cortéz 0-0: Called Strike
0-1: Fly out, F4 (Popup, 34D)
Top of the 8th over - 1 run(s), 2 hit(s), 0 error(s), 1 left on base; District 9 9 - Spokane 0
BOTTOM OF THE 8TH
Spokane Trappers batting - Pitching for District 9 Prawns : RHP Eric Love
Batting: LHB Melvin White 0-0: Ball
1-0: Called Strike
1-1: Swinging Strike
1-2: Foul Ball, location: 2F
1-2: Foul Ball, location: 2F
1-2: Ball
2-2: SINGLE (Line Drive, 34D)
Batting: RHB Hyo-sang Yu 0-0: Grounds into double play, 4-6-3 (Groundball, 4)
Batting: RHB Carmelo Hernández 0-0: Foul Ball, location: 2F
0-1: Called Strike
0-2: Strikes out swinging
Bottom of the 8th over - 0 run(s), 1 hit(s), 0 error(s), 0 left on base; District 9 9 - Spokane 0
TOP OF THE 9TH
District 9 Prawns batting - Pitching for Spokane Trappers : LHP Júlio Hernández
Pinch Hitting: SHB Tommy Bourassa 0-0: Foul Ball, location: 2F
0-1: Foul Ball, location: 2F
0-2: Ground out 5-3 (Groundball, 56)
Batting: RHB Marcos Moreno 0-0: Ball
1-0: Swinging Strike
1-1: Foul Ball, location: 2F
1-2: Ball
2-2: Ball
3-2: SINGLE (Flyball, 89S)
Batting: LHB Leland Hardy 0-0: Called Strike
0-1: Ball
1-1: Foul Ball, location: 2F
1-2: Ball
2-2: Foul Ball, location: 2F
2-2: Ball
3-2: Strikes out swinging
Batting: LHB Ryan Hensley 0-0: Ball
1-0: Called Strike
1-1: Swinging Strike
1-2: Foul Ball, location: 2F
1-2: Strikes out swinging passed ball, reaches first!
Marcos Moreno to second
Batting: RHB Alfredo Cortéz 0-0: Ball
1-0: Called Strike
1-1: Ball
2-1: Ball
3-1: Fly out, F7 (Popup, 6D)
Top of the 9th over - 0 run(s), 1 hit(s), 0 error(s), 2 left on base; District 9 9 - Spokane 0
BOTTOM OF THE 9TH
Spokane Trappers batting - Pitching for District 9 Prawns : RHP Eric Love
Now at C: José Contreras
Now in LF: Tommy Bourassa
Now in CF: Brian Roy
Batting: RHB Todd Rockburn 0-0: SINGLE (Groundball, 5D)
Batting: LHB Pete Carter 0-0: SINGLE (Flyball, 9S)
Todd Rockburn to second
Runner from 2nd tries for 3rd, SAFE, throw made to third
Pete Carter to second
Batting: RHB Guy Miller 0-0: Called Strike
0-1: Fly out, F8 (Flyball, 8RM)
Runner from 3rd tags up, OUT at HOME
Pete Carter to third
Batting: LHB Juan Cortés 0-0: Swinging Strike
0-1: Foul Ball, location: 2F
0-2: Ground out 1-3 (Groundball, 15)
Bottom of the 9th over - 0 run(s), 2 hit(s), 0 error(s), 1 left on base; District 9 9 - Spokane 0
This league is powered by Out of the Park Baseball, the baseball management simulation game for PC, Mac and Linux
Wednesday, December 2nd, 2015 - OOTP Baseball 16.8 Build 38